 Dungeon Crawl Stone Soup version 0.20.1-1-g8b1a95d (webtiles) character file.

30 Minstaer the Firebug (level 3, 0/26 HPs)
             Began as a Hill Orc Fire Elementalist on Nov 6, 2017.
             Succumbed to a gnoll's poison
             ... on level 2 of the Dungeon.
             The game lasted 00:15:15 (1268 turns).

Minstaer the Firebug (Hill Orc Fire Elementalist)   Turns: 1268, Time: 00:15:24

Health: 0/26       AC:  5    Str: 11    XL:     3   Next: 20%
Magic:  2/5        EV: 12    Int: 15    God:
Gold:   43         SH:  0    Dex: 11    Spells: 4/5 levels left

rFire    . . .     SeeInvis .   q - +1 dagger (speed)
rCold    . . .     Gourm    .   (no shield)
rNeg     . . .     Faith    .   a - +0 robe
rPois    .         Spirit   .   (no helmet)
rElec    .         Reflect  .   (no cloak)
rCorr    .         Harm     .   (no gloves)
MR       .....                  i - +2 pair of boots
Stlth    ++........             (no amulet)
Regen    0.1/turn               (no ring)
MPRegen  0.1/turn               (no ring)

@: lethally poisoned (0 -> -8), berserk cooldown
A: no striking features
a: no special abilities


You were on level 2 of the Dungeon.
You were not hungry.

You visited 1 branch of the dungeon, and saw 2 of its levels.

You collected 43 gold pieces.

Inventory:

Hand Weapons
 e - a +0 dagger
 q - a +1 dagger of speed (weapon)
Missiles
 k - 8 tomahawks (quivered)
 t - 46 stones
Armour
 a - a +0 robe (worn)
 i - a +2 pair of boots (worn)
Jewellery
 w - an uncursed amulet of guardian spirit {unknown}
Scrolls
 f - 3 scrolls of identify {unknown}
 h - a scroll of fog {unknown}
 j - a scroll of remove curse {unknown}
 l - a scroll of recharging {unknown}
 m - 2 scrolls of magic mapping {unknown}
 o - a scroll of fear {unknown}
 u - a scroll of teleportation {unknown}
Potions
 x - a potion of curing {unknown}
Books
 b - a book of Flames

   Spells                             Type                      Level
   a - Flame Tongue                   Conjuration/Fire             1
   b - Throw Flame                    Conjuration/Fire             2
   c - Conjure Flame                  Conjuration/Fire             3
   d - Inner Flame                    Hexes/Fire                   3
   e - Sticky Flame                   Conjuration/Fire             4
   f - Fireball                       Conjuration/Fire             5
Comestibles
 c - a bread ration
 g - a royal jelly
 s - 6 chunks of flesh
 v - a meat ration


   Skills:
 - Level 1.5 Dodging
 - Level 1.5 Stealth
 + Level 1.8 Spellcasting
 - Level 1.0 Conjurations
 + Level 4.4 Fire Magic


You had 4 spell levels left.
You knew the following spells:

 Your Spells              Type           Power        Failure   Level  Hunger
a - Flame Tongue          Conj/Fire      #....        8%          1    ##.....


Dungeon Overview and Level Annotations

Branches:
Dungeon (2/15)

Altars:

Annotations:
D:1 unexplored


Message History

* * * LOW HITPOINT WARNING * * *
You feel sick. The hobgoblin closely misses you.
You are too berserk!
You feel a strong urge to attack something.
The adder bites you but does no damage.
* * * LOW HITPOINT WARNING * * *
You feel sick.
A gnoll comes into view. It is wielding a flail.
You feel your anger subside.
The gnoll shouts!
You are no longer berserk.
You are exhausted.
You feel yourself slow down.
It was a potion of cancellation.
Your magical effects are unravelling.
You feel magically purged.
Your magical contamination has completely faded away.
You feel yourself speed up.
You feel yourself slow down.
You feel a little less clever now.
You die...

####..# #...÷....#.#
#.##..####...##<###.#
####.....#.....#....#
#..........#.....##....
##.##.#.).......##.......
#...#.###.#...####.###.#.
###.#..............# ..
#.#.............## ..
########.#..#@...####....#
.#
#........K.g..............
###.....gg.......#####...#
##r#....................
#†#.........#.##.###...
#.#.>.......#.# ..
#K##...######.. #.
rg#g.### ##.. .g#... ..#


You could see 3 gnolls, a hobgoblin and a kobold.

Vanquished Creatures
  A dart slug (D:1)
  2 giant cockroaches (D:1)
  3 hobgoblins (D:1)
  4 jackals (D:1)
  3 kobolds (D:1)
  A ball python (D:1)
  5 bats
  3 frilled lizards (D:2)
  2 goblins
  3 rats
27 creatures vanquished.

Notes
Turn   | Place    | Note
-------+----------+-------------------------------------------
     0 | D:1      | Minstaer the Hill Orc Fire Elementalist began the quest for the Orb.
     0 | D:1      | Reached XP level 1. HP: 14/14 MP: 3/3
   310 | D:1      | Reached XP level 2. HP: 17/20 MP: 4/4
   516 | D:1      | Reached skill level 4 in Fire Magic
  1041 | D:2      | Reached XP level 3. HP: 26/26 MP: 3/5
  1265 | D:2      | HP: 1/39 [poisoned by a gnoll]
  1268 | D:2      | Succumbed to a gnoll's poison

Skill      XL: |  1  2 |
---------------+-------+-----
Fire Magic     | 4 |  4.4
Dodging        | |  1.5
Stealth        | |  1.5
Spellcasting   | |  1.8
Conjurations   | |  1.0

Action                   || total
-------------------------++-------
Melee: Dagger            ||    85
 Cast: Flame Tongue      ||    33
  Use: Potion            ||     4
 Stab: Sleeping          ||     1
  Eat: Chunk             ||     2
Armor: Robe              ||    28
Dodge: Dodged            ||    61
